[Event "Team 45 45 League T25"]
[Site "Internet Chess Club"]
[Date "2004.12.12"]
[Round "1"]
[White "bigarrow"]
[Black "Unbeliever"]
[Result "1/2-1/2"]
[WhiteElo "1822"]
[BlackElo "2037"]
[TimeControl "2700+45"]

1. e4 c5 2. Nf3 d6 3. d4 cxd4 4. Nxd4 Nf6 5. Nc3 g6 6. Be3 Bg7 7. f3 O-O 8. Qd2
Nc6 9. Bc4 Bd7 10. O-O-O Qa5 11. h4 Rfc8 12. Bb3 Ne5 13. Kb1 h5 14. Nd5 Qxd2 15.
Rxd2 Kf8 16. Bg5 Nxd5 17. Bxd5 Rab8 18. f4 Nc4 19. Bxc4 Rxc4 20. e5 f6 21. b3
Rcc8 22. Bxf6 exf6 23. exd6 f5 24. Nf3 Re8 25. c4 Rbc8 26. Rc2 b6 {Game drawn by
mutual agreement} 1/2-1/2

[Event "Team 45 45 League T25"]
[Site "Internet Chess Club"]
[Date "2004.12.10"]
[Round "1"]
[White "Zornorph"]
[Black "Stav"]
[Result "1-0"]
[WhiteElo "1955"]
[BlackElo "1787"]
[TimeControl "2700+45"]

1. c4 d6 2. Nc3 Nf6 3. g3 e5 4. Bg2 c6 5. d4 Nbd7 6. e4 Be7 7. Nge2 O-O 8. O-O
Re8 9. b3 Bf8 10. Bb2 Qc7 11. Qd2 a6 12. Rac1 b5 13. cxb5 c5 14. d5 Qa5 15. bxa6
Bxa6 16. Qc2 Reb8 17. Ra1 Rb4 18. Bc1 Rab8 19. Bd2 Qc7 20. Rfc1 g6 21. Bf3 h5
22. Na4 Kh7 23. Bxb4 Rxb4 24. a3 Rb7 25. Nec3 Bh6 26. Rcb1 Qb8 27. Be2 Bxe2 28.
Nxe2 Ng4 29. h3 Ngf6 30. Nac3 Ne8 31. a4 Rb4 32. Nb5 Nef6 33. Nec3 g5 34. Kg2 g4
35. hxg4 Nxg4 36. Na2 Rd4 37. Nxd4 exd4 38. Rh1 Ndf6 39. e5+ {Black resigns} 1-0

[Event "Team 45 45 League T25"]
[Site "Internet Chess Club"]
[Date "2004.12.12"]
[Round "1"]
[White "Bogelund"]
[Black "MrAnderssen"]
[Result "1-0"]
[WhiteElo "1794"]
[BlackElo "1602"]
[TimeControl "2700+45"]

1. d4 d5 2. c4 dxc4 3. e4 Nf6 4. Nc3 e6 5. Bxc4 c5 6. Nf3 a6 7. Bg5 Be7 8. O-O
b5 9. Bb3 c4 10. Bc2 O-O 11. e5 Nd5 12. Bxe7 Qxe7 13. Be4 Bb7 14. Qc2 Nb4 15.
Qb1 Bxe4 16. Qxe4 Nd7 17. a4 bxa4 18. Rxa4 Nb6 19. Ng5 Qxg5 20. Rxb4 Rab8 21.
Qc6 Qd8 22. Qc5 Re8 23. Ra1 a5 24. Rxa5 Ra8 25. Rxb6 {Black resigns} 1-0

[Event "Team 45 45 League T25"]
[Site "Internet Chess Club"]
[Date "2004.12.12"]
[Round "1"]
[White "dougmo"]
[Black "Mikey29a"]
[Result "1-0"]
[WhiteElo "1650"]
[BlackElo "1653"]
[TimeControl "2700+45"]

1. e4 e6 2. d4 d5 3. Nc3 Nf6 4. e5 Nfd7 5. Nce2 c5 6. c3 Qb6 7. f4 Nc6 8. Nf3
Be7 9. Ng3 O-O 10. Bd3 g6 11. f5 exf5 12. Nxf5 gxf5 13. Bxf5 cxd4 14. Ng5 Bxg5
15. Qh5 h6 16. Bxg5 Qxb2 17. O-O Ndxe5 18. Bh7+ Kxh7 19. Qxh6+ Kg8 20. Bf6 Nf3+
21. gxf3 Bh3 22. Qg7# {Black checkmated} 1-0

[Event "Team 45 45 League T25"]
[Site "Internet Chess Club"]
[Date "2004.12.12"]
[Round "1"]
[White "kingfischer57"]
[Black "LadyLuck"]
[Result "1-0"]
[WhiteElo "1839"]
[BlackElo "1886"]
[TimeControl "2700+45"]

1. d4 Nf6 2. c4 e5 3. dxe5 Ng4 4. Nf3 Bc5 5. e3 Nc6 6. Nc3 O-O 7. Be2 Re8 8. O-O
Ngxe5 9. a3 a5 10. b3 Ra6 11. Bb2 Nxf3+ 12. Bxf3 Ne5 13. Ne4 Rh6 14. Nxc5 Qh4
15. h3 d6 16. Bxe5 Rxe5 17. Nd3 Bxh3 18. g3 Rg5 19. Bg2 Rxg3 20. fxg3 Qxg3 21.
Qf3 Qh4 22. Qxf7+ {Black resigns} 1-0

[Event "Team 45 45 League T25"]
[Site "Internet Chess Club"]
[Date "2004.12.10"]
[Round "1"]
[White "allanchs"]
[Black "tourettes"]
[Result "0-1"]
[WhiteElo "1607"]
[BlackElo "1734"]
[TimeControl "2700+45"]

1. e4 c5 2. Nf3 d6 3. d4 cxd4 4. Nxd4 Nf6 5. Nc3 a6 6. Bd3 e6 7. O-O Be7 8. Be3
Qc7 9. f4 O-O 10. Nf3 Nbd7 11. h3 Nc5 12. e5 Nxd3 13. Qxd3 dxe5 14. Nxe5 Rd8 15.
Qe2 b5 16. Rad1 Bb7 17. Qf2 Rxd1 18. Rxd1 Rd8 19. Rxd8+ Qxd8 20. Bc5 h6 21. Bxe7
Qxe7 22. Qd4 Ba8 23. Qb6 Qb7 24. Qxb7 Bxb7 25. a3 Nh5 26. Nd3 Nf6 27. Kf2 Kf8
28. Nc5 Bc8 29. N3e4 Ke7 30. g4 Nd5 31. Kf3 f5 32. gxf5 exf5 33. Nf2 Kd6 34.
Ncd3 Bb7 35. Kg3 Ne3 36. c3 Be4 37. Ne5 Kd5 38. Nfd3 Bxd3 39. Nxd3 Nc4 40. Kf3
a5 41. b4 a4 42. Ke2 Nxa3 43. Nc1 {White resigns} 0-1

[Event "Team 45 45 League T25"]
[Site "Internet Chess Club"]
[Date "2004.12.10"]
[Round "1"]
[White "ogoon"]
[Black "ebattousai"]
[Result "0-1"]
[WhiteElo "1635"]
[BlackElo "1614"]
[TimeControl "2700+45"]

1. Nf3 Nf6 2. d4 e6 3. c4 c5 4. d5 d6 5. g3 b5 6. b3 Be7 7. Bg2 O-O 8. O-O e5 9.
cxb5 a6 10. Nc3 axb5 11. Nxb5 Ba6 12. Nc3 Bb7 13. Ng5 Nbd7 14. Bb2 Nb6 15. Qc2
h6 16. Nge4 Qd7 17. Nxf6+ Bxf6 18. Rad1 Ra7 19. a4 Rc8 20. Ne4 Be7 21. Nd2 c4
22. Nxc4 Nxc4 23. bxc4 Rxa4 24. Qd3 Raxc4 25. Be4 R8c7 26. Qf3 Qb5 27. Bc1 Qa4
28. Bd3 Rc3 29. Qh5 Bxd5 30. Bd2 R3c5 31. f3 Qd4+ 32. Kh1 e4 33. Qg4 f5 34. Qf4
Bg5 35. Qxf5 exd3 36. Bxg5 hxg5 37. exd3 g4 38. Qf4 Qxf4 39. gxf4 Bxf3+ 40. Rxf3
gxf3 41. Kg1 Rc2 {White resigns} 0-1

[Event "Team 45 45 League T25"]
[Site "Internet Chess Club"]
[Date "2004.12.09"]
[Round "1"]
[White "KaissaXiaolin"]
[Black "jmoffitt"]
[Result "1-0"]
[WhiteElo "1609"]
[BlackElo "1617"]
[TimeControl "2700+45"]

1. e4 c5 2. Nf3 d6 3. d4 cxd4 4. Nxd4 Nf6 5. Nc3 g6 6. Be3 Bg7 7. Qd2 O-O 8. f3
Nc6 9. g4 Bd7 10. h4 h5 11. gxh5 Nxh5 12. O-O-O Qa5 13. Kb1 Rac8 14. Bb5 a6 15.
Nb3 Bxc3 16. Bxc6 Bxc6 17. Qxc3 Qxc3 18. bxc3 Bb5 19. f4 Rxc3 20. Bd4 Rcc8 21.
f5 Ng3 22. fxg6 fxg6 23. Rhg1 Rf3 24. Nd2 Ra3 25. Nb3 Nxe4 26. Rxg6+ Kf7 27.
Rdg1 e5 28. Rg7+ Ke6 29. Bb2 Ra4 30. R7g6+ Kd5 31. Rd1+ Kc4 32. Rg4 d5 33. Bxe5
Bd7 34. Rd4+ Kb5 35. Rxd5+ Kb6 36. Rg6+ Ka7 37. Rxd7 Nd2+ 38. Rxd2 Rac4 39. h5
Rh4 40. h6 Rh1+ 41. Kb2 Re8 42. Bd4+ Ka8 43. Rf2 {Black resigns} 1-0

[Event "Team 45 45 League T25"]
[Site "Internet Chess Club"]
[Date "2004.12.13"]
[Round "1"]
[White "Rossinantes"]
[Black "chesskilleruk"]
[Result "1/2-1/2"]
[WhiteElo "2353"]
[BlackElo "2080"]
[TimeControl "2700+45"]

1. d4 Nf6 2. c4 g6 3. Nc3 Bg7 4. e4 d6 5. Nf3 O-O 6. Be2 e5 7. O-O Na6 8. dxe5
dxe5 9. Qc2 Qe8 10. a3 c6 11. b4 Nc7 12. Rd1 Nh5 13. g3 Bg4 14. Be3 Ne6 15. Nh4
Bxe2 16. Nxe2 Qe7 17. Rab1 a5 18. c5 axb4 19. axb4 Rfd8 20. b5 Nhf4 21. bxc6
bxc6 22. Rxd8+ Rxd8 23. Rb6 Nxe2+ 24. Qxe2 Nxc5 25. Qc4 Ne6 26. Rxc6 Qd7 27. Nf3
Qd3 28. Nd2 Qa3 29. Ra6 Qb2 30. Nf3 Nd4 31. Bxd4 exd4 32. Ra7 Rf8 33. Ng5 Qc3
34. Qd5 h6 35. Nxf7 Kh7 36. e5 d3 37. e6 Qf6 38. Rd7 d2 39. Rd6 Re8 40. Qxd2
Rxe6 41. Rxe6 Qxe6 42. Nd6 Bf8 43. Nb5 Bc5 44. Nc7 Qf7 45. Nb5 h5 46. h3 Qf5 47.
Kg2 Qe4+ 48. f3 Qe7 49. Nc3 Bb4 50. Nd5 Bxd2 51. Nxe7 Kg7 52. Nd5 Kf7 53. Kf2
Ke6 54. Ne3 Ba5 55. Ng2 Bb6+ 56. Ke2 g5 57. f4 Kf5 58. Ne3+ Ke4 59. Nc4 Bc7 60.
fxg5 Kf5 61. Kf3 Kxg5 62. Nd2 Kf5 63. Ne4 Be5 64. Nf2 Bc7 65. h4 Kg6 66. Nh3 Kh6
67. Nf4 Bb8 68. Ke4 Bc7 69. Kf5 Bb8 70. Ke4 Bc7 71. Kf3 Bb8 72. Ne2 Bc7 73. Nd4
Bb8 74. Nf5+ Kg6 75. g4 hxg4+ 76. Kxg4 Be5 77. Ne7+ Kh7 78. Kg5 Bc7 79. Nc6 Bb6
80. h5 Be3+ 81. Kg4 Bc1 82. Nb4 Kh6 83. Nd5 Bb2 84. Ne3 Bc1 85. Nf5+ Kh7 86. Kh4
Bd2 87. Kg4 Bc1 88. Ng3 Ba3 89. Ne4 Be7 {Game drawn by mutual agreement} 1/2-1/2

[Event "Team 45 45 League T25"]
[Site "Internet Chess Club"]
[Date "2004.12.12"]
[Round "1"]
[White "johanh"]
[Black "trevor21"]
[Result "1-0"]
[WhiteElo "2158"]
[BlackElo "2163"]
[TimeControl "2700+45"]

1. e4 e6 2. d4 d5 3. e5 c5 4. c3 Nc6 5. Nf3 Bd7 6. Be2 f6 7. O-O fxe5 8. Nxe5
Nxe5 9. dxe5 g6 10. a3 a5 11. c4 d4 12. Nd2 Bg7 13. f4 Ne7 14. Ne4 O-O 15. Nxc5
Bc8 16. Kh1 g5 17. Bd3 gxf4 18. Qh5 Nf5 19. Bxf4 Qc7 20. Ne4 Bxe5 21. Bxe5 Qxe5
22. g4 b5 23. gxf5 Bb7 24. Kg1 Rxf5 25. Rxf5 exf5 26. Qg5+ Kh8 27. Qf6+ Qxf6 28.
Nxf6 Ra6 29. Nd5 Rg6+ 30. Kf2 bxc4 31. Bxc4 Rh6 32. Kg3 Bxd5 33. Bxd5 Rd6 34.
Bc4 d3 35. a4 Kg7 36. Rd1 d2 37. Kf3 Kf6 38. Ke3 Ke5 39. Rxd2 f4+ 40. Ke2 Rh6
41. Kf3 Rh3+ 42. Kg4 Rh6 43. Re2+ Kd4 44. b3 Rf6 45. Kf3 Kc3 46. Re6 Rf5 47. Rh6
{Black resigns} 1-0

[Event "Team 45 45 League T25"]
[Site "Internet Chess Club"]
[Date "2004.12.10"]
[Round "1"]
[White "baumhauer"]
[Black "WesleyCrusher"]
[Result "1-0"]
[WhiteElo "1942"]
[BlackElo "2116"]
[TimeControl "2700+45"]

1. d4 Nf6 2. c4 e6 3. Nc3 Bb4 4. e3 c5 5. Ne2 cxd4 6. exd4 d5 7. a3 Be7 8. cxd5
Nxd5 9. Nxd5 Qxd5 10. Nc3 Qd8 11. Bd3 Nc6 12. Be3 Bf6 13. Bb5 O-O 14. Bxc6 bxc6
15. Ne4 Ba6 16. Qf3 Bxd4 17. Rd1 e5 18. h4 Qb6 19. Rh3 f5 20. Ng5 Bxe3 21. fxe3
h6 22. Rd7 Qxb2 23. Ne6 Qc1+ 24. Kf2 Qf1+ 25. Kg3 f4+ 26. exf4 exf4+ 27. Kh2
Qxf3 28. Rxg7+ Kh8 29. Rxf3 Rf6 30. Re7 Rg8 31. Rxf4 Rfg6 32. Rf2 Rg4 33. Rxa7
Bc4 34. Nf8 Rxh4+ 35. Kg1 Rg7 36. Ra8 Bg8 37. Rf6 Rh5 38. Rxc6 Bd5 39. Ng6+
{Black resigns} 1-0

[Event "Team 45 45 League T25"]
[Site "Internet Chess Club"]
[Date "2004.12.09"]
[Round "1"]
[White "Quoyle"]
[Black "Khaifas"]
[Result "1/2-1/2"]
[WhiteElo "2454"]
[BlackElo "2540"]
[TimeControl "2700+45"]

1. d4 Nf6 2. c4 g6 3. Nc3 Bg7 4. e4 d6 5. Be2 O-O 6. Nf3 e5 7. O-O Na6 8. Be3
Ng4 9. Bg5 Qe8 10. dxe5 dxe5 11. h3 f6 12. Bd2 Nh6 13. c5 c6 14. Bxa6 bxa6 15.
Qa4 Rb8 16. b3 Nf7 17. Rfe1 Rb7 18. Rad1 Re7 19. Nb1 f5 20. Na3 fxe4 21. Ng5 Rd7
22. Nxf7 Qxf7 23. Be3 Rd4 24. Nc4 Qd5 25. Bxd4 exd4 26. Nd6 Bxh3 27. Rxe4 Qxc5
28. Qc4+ Qxc4 29. bxc4 Bf5 30. Nxf5 gxf5 31. Re6 Rc8 32. Re7 Rb8 33. Rc7 Rb2 34.
Rxc6 Rxa2 35. c5 Rc2 36. Rxa6 Rxc5 37. Rxa7 Rd5 38. Kf1 d3 39. f4 d2 40. Ke2 Bc3
41. Rb1 Rd8 42. Re7 Bb4 43. Re5 Rd4 44. g3 Kg7 45. Kd1 Kg6 46. Rb5 Bc3 47. Rc5
Bb4 48. Rb5 Bc3 49. Rc5 {Game drawn by mutual agreement} 1/2-1/2

[Event "Team 45 45 League T25"]
[Site "Internet Chess Club"]
[Date "2004.12.09"]
[Round "1"]
[White "SonnyBlack"]
[Black "phoenix10q72"]
[Result "0-1"]
[WhiteElo "1979"]
[BlackElo "2313"]
[TimeControl "2700+45"]

1. e4 c5 2. Nc3 Nc6 3. Nf3 g6 4. d4 cxd4 5. Nxd4 Bg7 6. Be3 Nf6 7. Bc4 O-O 8. f3
Qb6 9. Bb3 Nxe4 10. Nxe4 Bxd4 11. Bxd4 Qxd4 12. c3 Qe3+ 13. Kf1 b6 14. g3 d5 15.
Nf2 Ba6+ 16. Kg2 Be2 17. Qxd5 Ne5 18. Bd1 Rad8 19. Qe4 Qxe4 20. fxe4 Rd2 21. Re1
Ba6 22. h3 Rxb2 23. Kg1 Rd8 24. Ng4 Nxg4 25. Bxg4 Rdd2 26. Bf3 Rf2 27. Bh1 e5
28. Red1 Rxa2 29. Rxa2 Rxa2 30. Rd5 Ra1+ 31. Kh2 Ra5 32. Rxa5 bxa5 33. Bf3 a4
34. Bd1 a3 35. Bb3 Bd3 36. Kg2 Bxe4+ 37. Kf2 Bb1 {White resigns} 0-1

[Event "Team 45 45 League T25"]
[Site "Internet Chess Club"]
[Date "2004.12.09"]
[Round "1"]
[White "jorobo"]
[Black "SnoopDoggyDogg"]
[Result "1-0"]
[WhiteElo "2150"]
[BlackElo "1891"]
[TimeControl "2700+45"]

1. c4 c5 2. Nc3 Nc6 3. Nf3 Nf6 4. d4 cxd4 5. Nxd4 e6 6. g3 Qb6 7. Nb3 Bb4 8. Bg2
Qa6 9. c5 b6 10. cxb6 axb6 11. O-O Bxc3 12. bxc3 O-O 13. e4 Rd8 14. Bg5 Ne5 15.
f4 Nc4 16. e5 Ne3 17. Qf3 Nxg2 18. Qxg2 Bb7 19. Qh3 Ne4 20. Bxd8 Rxd8 21. Qh4
Rc8 22. Qe7 Qe2 23. Rae1 Ng5 24. Qxf7+ Kxf7 25. fxg5+ Qf3 26. Rxf3+ Bxf3 27. Rf1
Rxc3 28. Nd4 Ke7 29. Nxf3 Ra3 30. Rf2 d5 31. Kg2 Ra4 32. Rd2 b5 33. Kf2 b4 34.
Nd4 Kf7 35. h4 h6 36. gxh6 gxh6 37. Ke3 Ra3+ 38. Kf4 Rc3 39. Rc2 {Black resigns}
1-0

[Event "Team 45 45 League T25"]
[Site "Internet Chess Club"]
[Date "2004.12.11"]
[Round "1"]
[White "LeifEricson"]
[Black "megamaster"]
[Result "1-0"]
[WhiteElo "1832"]
[BlackElo "1881"]
[TimeControl "2700+45"]

1. g3 d5 2. Bg2 Nf6 3. d3 Nc6 4. Nd2 e5 5. h3 Bc5 6. e3 O-O 7. Ne2 Ne7 8. d4
exd4 9. exd4 Bb6 10. O-O c6 11. Re1 Ng6 12. Nf1 h6 13. Qd3 Be6 14. g4 Qd7 15. f4
Nxg4 16. hxg4 Bxg4 17. Neg3 Nh4 18. Ne3 Bf3 19. Kf2 Bxg2 20. Nxg2 Nxg2 21. Kxg2
Qg4 22. c3 Rfe8 23. Bd2 Bc7 24. Qf3 Qd7 25. f5 Qd6 26. Rf1 f6 27. Bf4 Qd7 28.
Rae1 Re7 29. Nh5 Rae8 30. Rxe7 Qxe7 31. Bxc7 Qxc7 32. Qg4 Kf8 33. Nf4 Kg8 34.
Ne6 Qe7 35. Rh1 Kh8 36. Qg6 Rg8 37. Kf3 b6 38. Re1 c5 39. Re2 cxd4 40. Ng5
{Black resigns} 1-0

[Event "Team 45 45 League T25"]
[Site "Internet Chess Club"]
[Date "2004.12.09"]
[Round "1"]
[White "pawnateer"]
[Black "Satan"]
[Result "1-0"]
[WhiteElo "2358"]
[BlackElo "2164"]
[TimeControl "2700+45"]

1. Na3 c5 2. Nf3 Nc6 3. e4 d6 4. Bb5 Bd7 5. d3 g6 6. O-O Bg7 7. Nc4 a6 8. Bxc6
Bxc6 9. Bd2 b5 10. Ba5 Qb8 11. Nb6 Ra7 12. Re1 e6 13. d4 cxd4 14. Nd5 Ne7 15.
Nxe7 Rxe7 16. Nxd4 Ba8 17. b4 O-O 18. a4 d5 19. axb5 axb5 20. c3 dxe4 21. Qe2
Bxd4 22. cxd4 f5 23. Rac1 Bd5 24. Rc5 Bc4 25. Qe3 Qd6 26. Rd1 Rd7 27. Qc1 Re8
28. Qe3 e5 29. d5 Bd3 30. Rdc1 Bc4 31. Rd1 Ra8 32. Rd2 Kg7 33. Rc6 Qxb4 34. Bxb4
Ra1+ 35. Rd1 Rxd1+ 36. Be1 Bd3 37. Rc1 f4 38. Qc5 Rxc1 39. Qxc1 Rxd5 40. Qc7+
Kh6 41. Bb4 {Black resigns} 1-0

[Event "Team 45 45 League T25"]
[Site "Internet Chess Club"]
[Date "2004.12.09"]
[Round "1"]
[White "KindlyKing"]
[Black "millmag2000"]
[Result "0-1"]
[WhiteElo "2085"]
[BlackElo "2273"]
[TimeControl "2700+45"]

1. d4 d5 2. c4 e6 3. Nf3 dxc4 4. e4 b5 5. a4 c6 6. b3 Bb4+ 7. Bd2 Bxd2+ 8. Qxd2
Nf6 9. e5 Ne4 10. Qc2 Qa5+ 11. Nbd2 Nxd2 12. Nxd2 cxb3 13. Qxb3 O-O 14. Bd3 Rd8
15. Qb1 Rxd4 16. axb5 Qc3 17. Ke2 Rb4 18. Bxh7+ Kf8 19. Qd3 Qxe5+ 20. Be4 f5 21.
Qa3 a5 22. Rhb1 c5 23. Rxb4 cxb4 24. Qc1 Nd7 25. Rxa5 Rxa5 26. Qxc8+ Ke7 27. b6
fxe4 28. b7 Qh5+ 29. Ke3 {White resigns} 0-1

[Event "Team 45 45 League T25"]
[Site "Internet Chess Club"]
[Date "2004.12.09"]
[Round "1"]
[White "ebattousai"]
[Black "Gregorio"]
[Result "1-0"]
[WhiteElo "1595"]
[BlackElo "2030"]
[TimeControl "2700+45"]

1. e4 e5 2. Nf3 Nc6 3. d4 exd4 4. Nxd4 Bc5 5. Be3 Qf6 6. c3 Nxd4 7. cxd4 Bb4+ 8.
Nc3 Qg6 9. f3 Ne7 10. Bc4 O-O 11. O-O c6 12. d5 d6 13. dxc6 bxc6 14. Qb3 Rb8 15.
a3 Bh3 16. Rf2 Bc5 17. Bxf7+ Rxf7 18. Qxb8+ Rf8 19. Qb3+ Be6 20. Qb7 Bxe3 21.
Qxe7 d5 22. exd5 cxd5 23. Re1 d4 24. Rxe3 dxe3 25. Re2 Qb1+ 26. Nxb1 {Black
resigns} 1-0

[Event "Team 45 45 League T25"]
[Site "Internet Chess Club"]
[Date "2004.12.10"]
[Round "1"]
[White "Catalog"]
[Black "onslaught"]
[Result "0-1"]
[WhiteElo "2135"]
[BlackElo "2235"]
[TimeControl "2700+45"]

1. d4 Nf6 2. c4 c5 3. d5 b5 4. cxb5 a6 5. bxa6 Bxa6 6. Nc3 d6 7. e4 Bxf1 8. Kxf1
g6 9. g4 Bg7 10. Kg2 Na6 11. g5 Nd7 12. h4 Nb6 13. h5 Rg8 14. Nge2 Qd7 15. Ng3
Nc7 16. hxg6 hxg6 17. Rh7 Kf8 18. Qh1 Nb5 19. Nd1 Nd4 20. Ne3 Nb3 21. Rb1 Rxa2
22. Qh4 Nxc1 23. Rxc1 Rxb2 24. Rh1 Bd4 25. Qf4 e6 26. Ng4 exd5 27. exd5 Nxd5 28.
Qf3 Qb7 29. Kh3 Rb3 30. Rxf7+ Qxf7 31. Qxf7+ Kxf7 32. Nh6+ Kg7 33. Kg4 Rf8 34.
Ngf5+ gxf5+ 35. Nxf5+ Rxf5 36. Kxf5 Nc7 37. f4 Rg3 38. Rb1 Nd5 39. Rb7+ Kf8 40.
Rb8+ Kf7 41. g6+ Rxg6 42. Rb7+ Ne7+ 43. Rxe7+ Kxe7 44. Kxg6 c4 45. f5 c3 46. f6+
Bxf6 47. Kh7 c2 48. Kg8 c1=Q 49. Kh7 Qg1 {White resigns} 0-1

[Event "Team 45 45 League T25"]
[Site "Internet Chess Club"]
[Date "2004.12.12"]
[Round "1"]
[White "trikmamak"]
[Black "EdBorowski"]
[Result "0-1"]
[WhiteElo "2261"]
[BlackElo "2037"]
[TimeControl "2700+45"]

1. e4 c6 2. d4 d5 3. e5 Bf5 4. Nf3 e6 5. c3 c5 6. Qa4+ Nd7 7. Be3 Qc7 8. Bb5 c4
9. b3 cxb3 10. axb3 a6 11. O-O Be7 12. Nbd2 Rc8 13. Bxd7+ Qxd7 14. Qxd7+ Kxd7
15. c4 Bb4 16. Rfc1 Ne7 17. Nf1 Bd3 18. Bd2 Bxf1 19. Bxb4 Bd3 20. Bxe7 Kxe7 21.
cxd5 exd5 22. Ne1 Bb5 23. f3 Rc6 24. Rxc6 Bxc6 25. Kf2 Rc8 26. Rc1 Bd7 27. Rxc8
Bxc8 28. Ke3 Bf5 29. g4 Bb1 30. Kd2 g5 31. Ng2 f6 32. exf6+ Kxf6 33. Ne3 Ke6 34.
Nd1 Bg6 35. Kc3 h5 36. h3 hxg4 37. hxg4 b6 38. b4 Be8 39. Nf2 Bb5 40. Nh3 Kf6
41. Kd2 Bf1 42. Nf2 a5 43. bxa5 bxa5 44. Nd1 Bc4 45. Nc3 Bb3 46. Kc1 Ke6 47. Kb2
Bc4 48. Ka3 Bf1 49. Nb1 Be2 50. Nd2 Bb5 51. Kb3 Kd6 52. Kc3 Be2 53. Kb3 Bd1+ 54.
Kc3 Kc6 55. Kd3 Kb5 56. Kc3 Ka4 57. Kd3 Kb4 58. f4 gxf4 59. g5 Bh5 60. Kc2 a4
61. Kb2 a3+ 62. Ka2 Kc3 63. Nf1 Kxd4 64. Kxa3 Kc3 65. Ka4 d4 {White resigns} 0-1

[Event "Team 45 45 League T25"]
[Site "Internet Chess Club"]
[Date "2004.12.09"]
[Round "1"]
[White "Ser-Enigma"]
[Black "imbak"]
[Result "0-1"]
[WhiteElo "2007"]
[BlackElo "2205"]
[TimeControl "2700+45"]

1. e4 c5 2. Nf3 d6 3. Bb5+ Bd7 4. Bxd7+ Nxd7 5. c4 Ngf6 6. Nc3 g6 7. O-O Bg7 8.
d4 cxd4 9. Nxd4 O-O 10. Be3 a6 11. f3 Rc8 12. Qe2 Ne5 13. b3 b5 14. cxb5 Rxc3
15. bxa6 Qa8 16. a4 Nc6 17. Rac1 Nxd4 18. Bxd4 Rxb3 19. Qc2 Rb4 20. Qc3 Rxa4 21.
a7 Nxe4 22. Bxg7 Nxc3 23. Bxf8 Ne2+ {White resigns} 0-1

[Event "Team 45 45 League T25"]
[Site "Internet Chess Club"]
[Date "2004.12.13"]
[Round "1"]
[White "DTK"]
[Black "kikian"]
[Result "0-1"]
[WhiteElo "1903"]
[BlackElo "2049"]
[TimeControl "2700+45"]

1. e4 Nf6 2. e5 Nd5 3. d4 d6 4. c4 Nb6 5. Nf3 Bg4 6. Be2 dxe5 7. c5 e4 8. cxb6
exf3 9. Bxf3 Bxf3 10. Qxf3 Nc6 11. O-O axb6 12. Be3 e6 13. Nc3 Bd6 14. d5 Qh4
15. g3 Ne5 16. Qg2 Qh5 17. dxe6 Nf3+ 18. Kh1 fxe6 19. Ne2 Nxh2 20. Qxh2 Qxe2 21.
Qh3 Qf3+ 22. Kg1 Qf7 23. Rfe1 O-O 24. a3 b5 25. Kg2 Qf3+ 26. Kh2 Rf5 27. Kg1 Be5
28. Qg2 Qxg2+ 29. Kxg2 Bxb2 30. Rab1 Bxa3 31. Bf4 c6 32. Rxe6 Kf7 33. Re2 g5 34.
Be3 h5 35. Ra1 b4 36. Bc1 Ra6 {White resigns} 0-1

[Event "Team 45 45 League T25"]
[Site "Internet Chess Club"]
[Date "2004.12.12"]
[Round "1"]
[White "Burning-Bush"]
[Black "Arshanay"]
[Result "0-1"]
[WhiteElo "2219"]
[BlackElo "2273"]
[TimeControl "2700+45"]

1. d4 Nf6 2. Nf3 g6 3. c4 Bg7 4. Nc3 O-O 5. e4 d6 6. Bg5 h6 7. Be3 Ng4 8. Bf4 e5
9. dxe5 Nxe5 10. Nxe5 dxe5 11. Be3 c6 12. Be2 Na6 13. O-O Nc7 14. Qa4 Ne6 15.
Rfd1 Qe7 16. b4 Nd4 17. Bf1 f5 18. f3 f4 19. Bf2 Be6 20. Rac1 g5 21. Ne2 c5 22.
bxc5 Qxc5 23. Nxd4 exd4 24. Rd2 g4 25. Qd1 h5 26. Kh1 Rad8 27. Rb1 b6 28. Rb5
Qd6 29. Rxh5 g3 30. Bg1 Kf7 31. Qa4 Kg6 32. Qb5 Qe7 33. Re5 Bxe5 34. Qxe5 Qd6
35. Qb5 Qc5 36. Qb2 Bxc4 37. Bxd4 Rxd4 38. Bxc4 Rxc4 {White resigns} 0-1

[Event "Team 45 45 League T25"]
[Site "Internet Chess Club"]
[Date "2004.12.11"]
[Round "1"]
[White "syy89"]
[Black "akdog3"]
[Result "1/2-1/2"]
[WhiteElo "2102"]
[BlackElo "2175"]
[TimeControl "2700+45"]

1. e4 c5 2. Nf3 d6 3. d4 cxd4 4. Nxd4 Nf6 5. Nc3 g6 6. Be3 Bg7 7. f3 Nc6 8. Qd2
O-O 9. Bc4 Bd7 10. O-O-O Qa5 11. g4 Rfc8 12. Bb3 Ne5 13. h4 Rc4 14. g5 Nh5 15.
Nd5 Qxd2+ 16. Rxd2 e6 17. Nf6+ Nxf6 18. gxf6 Bxf6 19. f4 Ng4 20. Bxc4 Nxe3 21.
Bb3 h5 22. Nf3 Bc6 23. Re1 Ng4 24. Ng5 Kg7 25. Rxd6 Be7 26. Rd2 Bc5 27. Bxe6 f6
28. Bxg4 fxg5 29. Bd7 gxf4 30. Bxc6 bxc6 31. Rd7+ Kf6 32. c3 Ke5 33. Kc2 Bf2 34.
Rf1 Bxh4 35. Rg7 g5 36. Re7+ Kd6 37. Rh7 Ke5 {Game drawn by mutual agreement}
1/2-1/2

[Event "Team 45 45 League T25"]
[Site "Internet Chess Club"]
[Date "2004.12.11"]
[Round "1"]
[White "MrHyde"]
[Black "sloper-c"]
[Result "1/2-1/2"]
[WhiteElo "2177"]
[BlackElo "2045"]
[TimeControl "2700+45"]

1. c4 d6 2. g3 Nf6 3. Bg2 g6 4. Nc3 Bg7 5. d3 O-O 6. Bg5 c5 7. Qd2 Re8 8. Bh6
Bh8 9. h3 Nc6 10. Nf3 e6 11. O-O a6 12. e4 Rb8 13. a4 Qc7 14. Be3 b6 15. Rac1
Bb7 16. Rfd1 Nb4 17. Nh2 Rbd8 18. Bg5 Rb8 19. Ng4 Nxg4 20. hxg4 Qd7 21. f4 Bd4+
22. Kh2 f6 23. Bh6 Nc6 24. Rf1 Re7 25. g5 Rf7 26. gxf6 Bxf6 27. Bh3 Nd4 28. Rce1
Bg7 29. Bxg7 Kxg7 30. Qd1 Rbf8 31. Ne2 Nxe2 32. Rxe2 Bc8 33. Qb3 Qc7 34. Qc3+ e5
35. Bxc8 Qxc8 36. Ref2 Kg8 37. Qd2 Qg4 38. fxe5 Rxf2+ 39. Rxf2 Rxf2+ 40. Qxf2
Qh5+ 41. Kg2 Qxe5 42. Kh3 Qh5+ 43. Kg2 Qe5 44. b4 cxb4 45. Qxb6 a5 46. Kf3 Qh5+
47. Kf4 Qe5+ 48. Kf3 Qh5+ 49. Kf4 Qe5+ 50. Kf3 Qh5+ 51. Kf4 {Game drawn by
repetition} 1/2-1/2

[Event "Team 45 45 League T25"]
[Site "Internet Chess Club"]
[Date "2004.12.10"]
[Round "1"]
[White "azbycx"]
[Black "StrayLite"]
[Result "0-1"]
[WhiteElo "1857"]
[BlackElo "2031"]
[TimeControl "2700+45"]

1. d4 Nf6 2. c4 g6 3. Nc3 Bg7 4. e4 d6 5. f3 O-O 6. Be3 c5 7. Bd3 cxd4 8. Bxd4
Nc6 9. Be3 Nd7 10. Nge2 Nde5 11. O-O Nb4 12. Nc1 Nbxd3 13. Nxd3 Nxc4 14. Bc1 e6
15. Qe2 b5 16. Kh1 Qb6 17. Rb1 a6 18. Nd1 Bb7 19. b3 Ne5 20. Be3 Qd8 21. N1f2
Rc8 22. Rfd1 Qe7 23. Bf4 Nc6 24. e5 Nxe5 25. Nxe5 Bxe5 26. Bxe5 dxe5 27. Qxe5
Rc2 28. Ng4 f6 29. Qd4 e5 30. Qd7 Rc7 31. Qd2 f5 32. Ne3 e4 33. Nd5 Bxd5 34.
Qxd5+ Kg7 35. fxe4 Qxe4 36. Qd6 Rc2 37. Rg1 Rxg2 38. Rxg2 Qxb1+ 39. Rg1 Qe4+ 40.
Rg2 f4 41. Qd7+ Rf7 42. Qg4 Qb1+ 43. Rg1 Qxa2 44. Qf3 Qd2 45. Rd1 Qe3 46. Qxe3
fxe3 47. Re1 Re7 48. b4 Kf6 49. Kg2 Kf5 50. Kf3 e2 51. Kf2 Re4 52. Kf3 Rxb4 53.
Rxe2 Rb3+ 54. Kg2 a5 55. Ra2 a4 56. Kf2 a3 57. Kg1 b4 58. Rf2+ Kg4 {White
resigns} 0-1

[Event "Team 45 45 League T25"]
[Site "Internet Chess Club"]
[Date "2004.12.12"]
[Round "1"]
[White "john-beebs"]
[Black "GolferBob"]
[Result "0-1"]
[WhiteElo "1473"]
[BlackElo "1689"]
[TimeControl "2700+45"]

1. e4 c5 2. Nf3 Nc6 3. Nc3 d6 4. d4 cxd4 5. Nxd4 e5 6. Nf3 Nf6 7. Bb5 Be7 8. O-O
O-O 9. h3 Bd7 10. Re1 a6 11. Bc4 Rc8 12. Bb3 Na5 13. Bd5 Bc6 14. Bg5 Nxd5 15.
exd5 Bxg5 16. dxc6 Rxc6 17. Ne4 Be7 18. Qd2 Nc4 19. Qc1 Nb6 20. Rd1 Qc7 21. c3
Nd7 22. Qc2 Nf6 23. Ng3 b5 24. a3 Nd7 25. Rd2 g6 26. Rad1 Nf6 27. Ne4 Nxe4 28.
Qxe4 f5 29. Qd5+ Kg7 30. h4 Rc5 31. Qa2 Rd8 32. Qe6 Qd7 33. Ng5 Bxg5 34. Qxd7+
Rxd7 35. hxg5 Rc6 36. f3 Kf7 37. Kf2 Ke6 38. Re2 Rc4 39. Rh1 d5 40. Rhe1 e4 41.
f4 d4 42. cxd4 Rcxd4 43. Rc2 Rd2+ 44. Re2 Rxc2 45. Rxc2 a5 46. Rc6+ Kd5 47. Rc2
Rb7 48. Ke3 b4 49. a4 Rd7 50. b3 Ke6 51. Rc6+ Ke7 52. Ke2 Rd3 53. Rc5 Rxb3 54.
Rxa5 Rb2+ 55. Kf1 Rb1+ 56. Ke2 b3 57. Kd2 Rb2+ 58. Kc3 Rxg2 59. Kxb3 Rg3+ 60.
Kc2 Ra3 61. Kd2 Rf3 62. Ra7+ Kd6 63. Rxh7 Rxf4 64. Rh6 Ke5 65. a5 Rf2+ 66. Ke3
Rf3+ 67. Ke2 Ra3 68. Rxg6 Kf4 69. Rg8 Ra2+ 70. Kd1 Rxa5 71. g6 Ra1+ 72. Ke2 Rg1
73. g7 Rg2+ 74. Kd1 Ke3 75. Rf8 Rg1+ 76. Kc2 Rxg7 77. Rxf5 Rd7 78. Kc1 Ke2 79.
Rh5 Rc7+ 80. Kb2 e3 81. Rh2+ Kf1 82. Rh1+ Kg2 83. Re1 Kf2 84. Rh1 e2 85. Rh2+
Ke1 86. Rh3 Kd2 87. Rh2 Kd1 {White resigns} 0-1